 Dungeon Crawl Stone Soup version 0.27-a0-277-g024f7ef292 (webtiles) character file.

Game seed: 18096642395916403598

31290 Borgoz the Basher (level 13, -6/84 HPs)
             Began as a Gargoyle Gladiator on Feb 6, 2021.
             Was a High Priest of Okawaru.
             Killed by divine providence
             ... invoked by a daeva
              (17 damage)
             ... on level 2 of the Abyss.
             The game lasted 00:25:16 (14470 turns).

Borgoz the Basher (Gargoyle Gladiator)             Turns: 14470, Time: 00:25:17

Health: -6/84      AC: 42    Str: 17      XL:     13   Next: 57%
Magic:  18/18      EV: 20    Int:  6      God:    Okawaru [*****.]
Gold:   1077       SH:  0    Dex: 26 (27) Spells: 12/12 levels left

rFire    . . .     SeeInvis .   C - +2 dire flail (vorpal)
rCold    . . .     Faith    .   (shield currently unavailable)
rNeg     + . .     Spirit   .   u - +10 chain mail of Apathy {+Fly rElec Int-5}
rPois    ∞         Reflect  .   c - +0 helmet
rElec    +         Harm     .   a - +1 cloak {Will+}
rCorr    .         Rampage  .   m - +1 pair of gloves
Will     +....                  z - +0 pair of boots
Stlth    +.........             D - amulet of regeneration
HPRegen  0.64/turn              H - +6 ring of dexterity
MPRegen  0.16/turn              p - +6 ring of dexterity

@: heroism
A: [deterioration 2], negative energy resistance 1, [screaming 3], electricity
resistance, unbreathing, petrification resistance, miasma immunity, AC +9
a: Renounce Religion, Evoke Flight, Heroism, Finesse


You were on level 2 of the Abyss.
You worshipped Okawaru.
Okawaru was extremely pleased with you.
You visited 3 branches of the dungeon, and saw 15 of its levels.
You visited the Abyss 1 time.
You also visited: Ossuary, Bailey and Gauntlet.

You collected 1267 gold pieces.
You spent 190 gold pieces at shops.

Inventory:

Hand Weapons
 C - a +2 vorpal dire flail (weapon)
Missiles
 d - 4 throwing nets (quivered)
Armour
 a - a +1 cloak of willpower (worn)
 c - a +0 helmet (worn)
 h - a scarf of repulsion
 m - a +1 pair of gloves (worn)
 u - the +10 chain mail of Apathy (worn) {+Fly rElec Int-5}
   (You bought it in a shop on level 4 of the Dungeon)

   It affects your intelligence (-5).
   It insulates you from electricity.
   It lets you fly.
 x - a scarf of harm
 z - a +0 pair of boots (worn)
 T - a +1 crystal plate armour
Jewellery
 j - an uncursed ring of willpower
 o - an uncursed ring of protection from fire
 p - a +6 ring of dexterity (right hand)
 D - an amulet of regeneration (around neck)
 F - an uncursed ring of protection from cold
 H - a +6 ring of dexterity (left hand)
 I - an uncursed ring of protection from cold
 Q - an uncursed ring of positive energy
 S - an uncursed amulet of guardian spirit
Wands
 E - a wand of digging (5)
 K - a wand of mindburst (22)
 O - a wand of iceblast (9)
 R - a wand of acid (5)
Scrolls
 b - 5 scrolls of amnesia {unknown}
 e - 2 scrolls of noise {unknown}
 f - 7 scrolls of teleportation
 g - 6 scrolls of remove curse
 k - 2 scrolls of immolation {unknown}
 t - 3 scrolls of fear {unknown}
 w - 2 scrolls of vulnerability {unknown}
 y - 4 scrolls of blinking {unknown}
 A - 2 scrolls of enchant armour
 J - 2 scrolls of fog
 L - a scroll of enchant weapon
 M - a scroll of holy word
Potions
 i - 5 potions of invisibility
 l - 4 potions of haste
 n - 6 potions of heal wounds
 q - 6 potions of curing
 r - 2 potions of brilliance
 s - 6 potions of flight
 v - a potion of degeneration {unknown}
 B - 2 potions of might
 G - a potion of resistance
 P - a potion of cancellation


   Skills:
 + Level 11.5(16.5) Fighting
 * Level 11.8(16.8) Maces & Flails
 - Level 3.3(8.3) Throwing
 + Level 10.7(15.7) Armour
 * Level 10.1(15.1) Dodging
 + Level 7.4 Invocations


You had 12 spell levels left.
You didn't know any spells.
Your spell library contained the following spells:

 Spells                   Type           Power        Failure   Level
 Freeze                   Ice            0%           97%         1
 Magic Dart               Conj           0%           97%         1
 Blink                    Tloc           N/A          99%         2
 Call Imp                 Summ           0%           99%         2
 Slow                     Hex            0%           99%         2
 Confusing Touch          Hex            0%           100%        3
 Conjure Flame            Conj/Fire      0%           100%        3
 Frozen Ramparts          Ice            0%           100%        3
 Gell's Gravitas          Tloc           0%           100%        3
 Mephitic Cloud           Conj/Pois/Air  0%           100%        3
 Ozocubu's Armour         Ice            0%           100%        3
 Hailstorm                Conj/Ice       0%           100%        4
 Ice Form                 Ice/Tmut       0%           100%        4
 Petrify                  Tmut/Erth      0%           100%        4
 Summon Ice Beast         Ice/Summ       0%           100%        4
 Metabolic Englaciation   Hex/Ice        0%           100%        5
 Yara's Violent Unravell  Hex/Tmut       0%           100%        5
 Freezing Cloud           Conj/Ice/Air   0%           100%        6
 Simulacrum               Ice/Necr       0%           100%        6
 Ozocubu's Refrigeration  Ice            0%           100%        7


Dungeon Overview and Level Annotations

Branches:
Dungeon (10/15)            Temple (1/1) D:5            Lair (4/6) D:8
 Shoals (0/4) Lair:3       Spider (0/4) Lair:3      Ossuary (visited)
 Bailey (visited)         Gauntlet (visited)
    Orc: D:9-12

Altars:
Ashenzari
Cheibriados
Dithmenos
Elyvilon
Fedhas
Gozag
Hepliaklqana
Kikubaaqudgha
Makhleb
Nemelex Xobeh
Okawaru
Qazlal
Ru
Sif Muna
Trog
Uskayaw
Vehumet
Wu Jian
Xom
Yredelemnul
Zin
The Shining One

Shops:
D:4 [   D:6 ?[

Annotations:
Lair:4 3 runed translucent doors, emiel's ghost, journeyman KoEE Gauntlet 11 transporters, 21 runed translucent doors


Innate Abilities, Weirdness & Mutations

You are resistant to torment.
Your stone body is resilient. (AC +9)
You are immune to poison.
You resist negative energy. (rN+)
You are resistant to electric shocks. (rElec)
You can survive without breathing.
You are immune to petrification.
You are immune to miasma.
[Your body often deteriorates upon taking damage.]
[You frequently scream uncontrollably at your foes.]


Message History

Your body deteriorates!
You feel clumsy.
You puncture the small abomination!
The small abomination is heavily damaged.
The small abomination closely misses you.
You hit the small abomination.
The small abomination is severely damaged.
The large abomination hits you but does no damage.
The small abomination completely misses you.
You sock the small abomination!
You destroy the small abomination!
Okawaru accepts your kill.
The large abomination closely misses you.
The large abomination closely misses you.
The large abomination hits you.
* * * LOW HITPOINT WARNING * * *
Things that are here:
a +4 dagger; a +0 robe; a human corpse The daeva calls down the wrath of the Shining One upon you.
The Shining One smites you!
You die...

..# .##.. # . .# ≈ #
≈ .#...### .... ≈ .
#. .......##..# ≈
≈#.#.#..#...#.# .
..# #..#.#.## # ##
≈# ..##§....###.#. .
.≈...#...#...#..##..
# .....##..........
#.## ≈ #..X)@.....#
#. # #.A..###∩..#...
# # #≈≈≈.##.# #.#.#
≈≈≈≈♣# ## #.#.. #
#.#≈≈ #.. . # #..# #
... # ### #.# ##


You could see a daeva and a large abomination.

Vanquished Creatures
  2 hydras
  A death yak (Lair:4)
  A tengu warrior (D:9)
  An orc high priest (Bailey)
  A wretched star (Abyss:2)
  A necromancer (Abyss:2)
  A cyclops (D:8)
  A merfolk siren (Lair:3)
  6 black mambas
  Joseph (D:9)
  7 cane toads
  A torpor snail (Lair:4)
  6 komodo dragons
  A kobold demonologist (Bailey)
  A rime drake (Lair:3)
  A tengu conjurer (D:9)
  2 trolls
  4 polar bears (Lair:3)
  A merfolk (Lair:3)
  A hornet (D:10)
  11 blink frogs
  A large abomination (Abyss:2)
  5 dream sheep (Lair:4)
  A spriggan (Lair:3)
  4 wyverns
  4 basilisks
  39 yaks
  A wraith (D:10)
  A steam dragon (D:10)
  Menkaure (D:6)
  9 water moccasins
  10 orc warriors
  2 black bears
  An eye of draining (D:9)
  An ice beast (D:10)
  2 sky beasts
  A necrophage (D:7)
  2 ogres
  13 wolves
  4 centaurs
  3 phantoms
  9 bullfrogs
  Blork the orc (D:4)
  4 elf zombies (Ossuary)
  A wyvern zombie (D:6)
  A small abomination (Abyss:2)
  A water moccasin zombie (D:9)
  A water moccasin skeleton (D:9)
  2 scorpions
  5 killer bees (D:7)
  3 wights (D:8)
  5 electric eels
  2 bullfrog zombies
  4 howler monkeys
  3 centaur zombies (Ossuary)
  5 human zombies (Ossuary)
  4 jellies
  6 hounds
  An orc priest (D:4)
  2 centaur skeletons
  A bullfrog skeleton (D:5)
  4 iguanas
  An orc wizard (D:3)
  9 worker ants
  A killer bee zombie (D:10)
  A hound skeleton (D:7)
  3 mummies (Ossuary)
  A worker ant zombie (D:7)
  14 adders
  4 gnolls (Bailey)
  2 shadow imps
  7 white imps
  2 ufetubi
  2 oozes
  An adder zombie (D:6)
  An adder skeleton (D:6)
  3 worms
  4 dart slugs
  10 leopard geckos
  18 orcs
  2 ball pythons
  3 giant cockroaches
  15 goblins
  16 hobgoblins
  12 jackals
  6 kobolds
  5 quokkas
  8 bats
  2 frilled lizards
  2 giant cockroach zombies (D:5)
  10 rats
387 creatures vanquished.

Vanquished Creatures (others)
  11 fungi
  37 plants
  5 toadstools (D:9)
53 creatures vanquished.

Grand Total: 440 creatures vanquished

Notes
Turn   | Place    | Note
-------+----------+-------------------------------------------
     0 | D:1      | Borgoz the Gargoyle Gladiator began the quest for the Orb.
     0 | D:1      | Reached XP level 1. HP: 12/12 MP: 1/1
   234 | D:1      | Reached XP level 2. HP: 18/18 MP: 2/2
   821 | D:1      | Reached XP level 3. HP: 22/22 MP: 3/3
  1648 | D:2      | Reached XP level 4. HP: 27/27 MP: 4/4
  2705 | D:3      | Reached XP level 5. HP: 30/32 MP: 5/5
  2954 | D:3      | Found a radiant altar of Vehumet.
  2954 | D:3      | Found an ancient bone altar of Kikubaaqudgha.
  2985 | D:3      | Found a basalt altar of Yredelemnul.
  2987 | D:3      | Found a blossoming altar of Fedhas.
  2989 | D:3      | Found a hide-covered altar of Uskayaw.
  3304 | D:4      | Noticed Blork the orc
  3317 | D:4      | Killed Blork the orc
  3318 | D:4      | Reached XP level 6. HP: 24/38 MP: 6/6
  3924 | D:4      | Found Raskumm's Antique Armour Shoppe.
  3929 | D:4      | Bought a shimmering chain mail for 190 gold pieces
  3940 | D:4      | Identified the +10 chain mail of Apathy {+Fly rElec Int-5}
                  | (You bought it in a shop on level 4 of the Dungeon)
  4066 | D:5      | Entered Level 5 of the Dungeon
  4117 | D:5      | Got a bronze scale mail
  4135 | D:5      | Reached skill level 1 in Armour
  4135 | D:5      | Reached XP level 7. HP: 42/44 MP: 7/7
  4163 | D:5      | Identified the cursed +0 scale mail "Foptocoi" {Rampage
                  | +Fly rN+} (You found it on level 5 of the Dungeon)
  4215 | D:5      | Found a stormy altar of Qazlal.
  4281 | D:5      | Found a sand-covered staircase.
  4285 | Ossuary  | Entered an ossuary
  4329 | Ossuary  | Reached skill level 5 in Maces & Flails
  4508 | Ossuary  | Reached skill level 5 in Fighting
  4527 | Ossuary  | Reached XP level 8. HP: 40/49 MP: 8/8
  4955 | D:5      | Found a staircase to the Ecumenical Temple.
  4965 | Temple   | Entered the Ecumenical Temple
  5059 | Temple   | Became a worshipper of Warmaster Okawaru
  5466 | D:6      | Reached skill level 1 in Invocations
  5472 | D:6      | Found Etrigen's Armour Emporium.
  5600 | D:6      | Noticed Menkaure
  5610 | D:6      | Killed Menkaure
  5611 | D:6      | Reached skill level 5 in Dodging
  5753 | D:6      | Reached * piety under Okawaru
  5754 | D:6      | Reached XP level 9. HP: 55/55 MP: 10/10
  5846 | D:6      | Found Soghaz's Magic Scroll Boutique.
  6067 | D:6      | Found a burning altar of Makhleb.
  6280 | D:7      | Found a flagged portal.
  6404 | Bailey   | Entered a bailey
  6487 | Bailey   | Found an iron altar of Okawaru.
  6487 | Bailey   | Noticed a kobold demonologist
  6487 | Bailey   | Noticed an orc high priest
  6488 | Bailey   | Noticed a rust devil
  6488 | Bailey   | Noticed an ice devil
  6505 | Bailey   | Noticed a red devil
  6512 | Bailey   | Reached skill level 5 in Armour
  6517 | Bailey   | Noticed a smoke demon
  6523 | Bailey   | Killed an orc high priest
  6527 | Bailey   | Killed a kobold demonologist
  6527 | Bailey   | Reached ** piety under Okawaru
  6572 | Bailey   | Reached XP level 10. HP: 21/63 MP: 13/13
  7064 | Bailey   | Reached skill level 5 in Invocations
  7170 | Bailey   | Acquired a +1 cloak of willpower
  7507 | D:7      | Reached *** piety under Okawaru
  7763 | D:7      | Found a shadowy altar of Dithmenos.
  7982 | D:7      | Found a sacrificial altar of Ru.
  8091 | D:7      | Noticed a moth of wrath
  8093 | D:7      | Found a bloodstained altar of Trog.
  8277 | D:8      | Found a staircase to the Lair.
  8633 | D:8      | Noticed a cyclops
  8642 | D:8      | Killed a cyclops
  9092 | D:9      | Noticed Joseph
  9106 | D:9      | Killed Joseph
  9106 | D:9      | Reached **** piety under Okawaru
  9116 | D:9      | Noticed a tengu warrior
  9162 | D:9      | Killed a tengu warrior
  9163 | D:9      | Reached XP level 11. HP: 37/71 MP: 12/14
  9870 | D:9      | Received a gift from Okawaru
  9872 | D:9      | Reached ***** piety under Okawaru
 10051 | D:10     | Entered Level 10 of the Dungeon
 10301 | D:10     | Found a glowing golden altar of the Shining One.
 10831 | Lair:1   | Entered Level 1 of the Lair of Beasts
 11017 | Lair:1   | Reached skill level 10 in Fighting
 11249 | Lair:1   | Noticed a seven-headed hydra
 11267 | Lair:1   | Killed a seven-headed hydra
 11267 | Lair:1   | Received a gift from Okawaru
 11277 | Lair:1   | Reached XP level 12. HP: 50/77 MP: 15/15
 11300 | Lair:1   | Got a dazzling ring mail {god gift}
 11311 | Lair:1   | Identified the +2 ring mail "Wequ" {+Inv Str+6} (Okawaru
                  | gifted it to you on level 1 of the Lair of Beasts)
 11461 | Lair:1   | Reached skill level 10 in Maces & Flails
 12661 | Lair:3   | Noticed an eight-headed hydra
 12674 | Lair:3   | Killed an eight-headed hydra
 12684 | Lair:3   | Reached skill level 10 in Armour
 12915 | Lair:3   | Reached ****** piety under Okawaru
 13161 | Lair:3   | Received a gift from Okawaru
 13170 | Lair:3   | Reached XP level 13. HP: 77/84 MP: 17/17
 13269 | Lair:3   | Found a hole to the Spider Nest.
 13495 | Lair:3   | Found a staircase to the Shoals.
 13797 | Lair:4   | HP: 4/84 [death yak[a torpor snail] (14)]
 13798 | Lair:4   | HP: 1/84 [blink frog (3)]
 13932 | Lair:4   | Found the +3 robe of Folly {Archmagi, Will-- Int+5}
 13932 | Lair:4   | Found a runed translucent gate.
 13932 | Lair:4   | Found a runed translucent gate.
 13932 | Lair:4   | Found a runed translucent gate.
 13932 | Lair:4   | Noticed emiel's ghost (journeyman KoEE)
 13976 | Lair:4   | Found a gate leading to a gauntlet.
 14015 | Lair:4   | Reached skill level 10 in Dodging
 14120 | Gauntlet | Entered a Gauntlet
 14120 | Gauntlet | Found a transporter.
 14120 | Gauntlet | Found a transporter.
 14120 | Gauntlet | Found a transporter.
 14121 | Gauntlet | Found a transporter.
 14124 | Gauntlet | Found a transporter.
 14126 | Gauntlet | Found a large runed translucent door.
 14127 | Gauntlet | Found a large runed translucent door.
 14128 | Gauntlet | Found a large runed translucent door.
 14128 | Gauntlet | Found a large runed translucent door.
 14128 | Gauntlet | Found a runed translucent door.
 14130 | Gauntlet | Found a large runed translucent door.
 14132 | Gauntlet | Found a large runed translucent door.
 14133 | Gauntlet | Found a large runed translucent door.
 14133 | Gauntlet | Found a large runed translucent door.
 14135 | Gauntlet | Found a runed translucent gate.
 14136 | Gauntlet | Found a runed translucent gate.
 14137 | Gauntlet | Found a runed translucent door.
 14137 | Gauntlet | Found a runed translucent gate.
 14139 | Gauntlet | Found a transporter.
 14146 | Gauntlet | Found a transporter.
 14154 | Gauntlet | Found a transporter.
 14162 | Gauntlet | Found a transporter.
 14180 | Gauntlet | Found a transporter.
 14188 | Gauntlet | Found a transporter.
 14206 | Gauntlet | Found a transporter.
 14250 | Gauntlet | Found a large runed translucent door.
 14251 | Gauntlet | Found a large runed translucent door.
 14252 | Gauntlet | Found a large runed translucent door.
 14252 | Gauntlet | Found a large runed translucent door.
 14253 | Gauntlet | Found a large runed translucent door.
 14254 | Gauntlet | Found a large runed translucent door.
 14255 | Gauntlet | Found a large runed translucent door.
 14255 | Gauntlet | Found a large runed translucent door.
 14372 | Gauntlet | Cast into level 2 of the Abyss (a wizard)
 14372 | Abyss:2  | Found a corrupted altar of Lugonu.
 14459 | Abyss:2  | Noticed a daeva
 14470 | Abyss:2  | Killed from afar by a daeva

Illustrated notes

Levels and vault maps discovered:
D:1:      scummos_arrival_gate, layout_loops_ring, serial_bayou_ford_a,
          kennysheep_small_spiral
D:2:      layout_basic, minmay_misc_feat_roman
D:3:      layout_loops_ring, chequers_temple_overflow_minitemple, hex_large
D:4:      layout_basic, serial_shops, kennysheep_little_box,
          kennysheep_cross_room, uniq_blork_the_orc
D:5:      layout_basic, kennysheep_mini_moat, temple_hall, enter_ossuary_5
D:6:      layout_loops_ring, serial_shops, shop_fountains, shop,
          makhleb_heckhound_becter, uniq_menkaure
D:7:      layout_loops_ring, nicolae_overflow_hidden_temple, tgw_trog,
          enter_bailey_2, nicolae_dithmenos_through_a_glass_darkly
D:8:      nzn_winding_woodlands_cross [nzn_winding_woodlands_5x15_pockets,
          nzn_winding_woodlands_5x15_parted,
          nzn_winding_woodlands_5x15_sawtooth,
          nzn_winding_woodlands_5x15_garden,
          nzn_winding_woodlands_15x15_eel_pit], layout_cave_pools,
          lair_entry_dummy
D:9:      layout_rooms, minmay_gold_behind_fungi, minmay_checkerbox, uniq_joseph
D:10:     layout_rooms, nicolae_tso_swordbearing_angel
Temple:   minmay_temple_curvy_branch
Lair:1:   layout_loops_ring
Lair:2:   layout_loops_ring, hangedman_lair_unloving_vines, st_stairs_9
Lair:3:   wander_river, layout_hall_layers, elwin_shoals_entry_rooms,
          dummy_spider_entry, serial_rivers, chequers_serial_rivers_small_b,
          chequers_serial_rivers_room_a, chequers_serial_rivers_large_a,
          chequers_serial_rivers_small_3, grunt_forest_stairs_clearing,
          serial_bayou_shore_b
Lair:4:   layout_misc_corridors, gauntlet_entry_generic,
          gammafunk_ghost_necromancy, grunt_megastairs_4
Abyss:2:  base:
D:14
Gauntlet: gammafunk_gauntlet_shortcut [gammafunk_gauntlet_arena_teeth,
          minmay_gauntlet_arena_make_your_own_arena,
          nicolae_gauntlet_arena_flowing_pool,
          gammafunk_gauntlet_arena_arrow_garden,
          gammafunk_gauntlet_arena_chambers, nicolae_gauntlet_swirl,
          gauntlet_exit_watery]

Skill      XL: |  1  2  3  4  5  6  7  8  9 10 11 12 13 |
---------------+----------------------------------------+-----
Throwing       | 2 3 |  3.3
Fighting       | 3 4 5 6 7 9 10 11 | 11.5
Dodging        | 3 4 5 6 7 8 9 10 | 10.1
Maces & Flails | 4 5 6 7 8 9 11 | 11.8
Armour         | 1 2 4 6 7 9 10 | 10.7
Invocations    | 2 4 5 6 7 |  7.4

Action                   |  1- 3 |  4- 6 |  7- 9 | 10-12 | 13-15 || total
-------------------------+-------+-------+-------+-------+-------++-------
Melee: Flail             |   104 |    76 |   322 |    81 |       ||   583
       Whip              |       |   106 |       |       |       ||   106
       Dire flail        |       |       |       |   667 |   242 ||   909
Invok: Heroism           |       |       |       |     5 |     5 ||    10
  Use: Scroll            |       |    11 |     7 |     3 |     4 ||    25
       Potion            |       |       |     3 |       |     2 ||     5
 Stab: Invisible         |       |       |    10 |       |       ||    10
Armor: Leather armour    |    42 |    45 |       |       |       ||    87
       Chain mail        |       |    26 |   239 |   524 |   101 ||   890
Dodge: Dodged            |    79 |    93 |   213 |   533 |   206 ||  1124

Table legend: (Time is in decaauts)
 A = Elapsed time spent in this place.
 B = Non-inter-level travel time spent in this place.
 C = Inter-level travel time spent in this place.
 D = Time resting spent in this place.
 E = Time spent auto-exploring this place.
 F = Levels seen in this place.
 G = Mean time per level.
                   A        B        C        D        E       F      G
               +--------+--------+--------+--------+--------+-----+--------+
         Total |  14397 |  13895 |    502 |    802 |   9679 |  19 |  757.7 |
       Dungeon |   9139 |   8739 |    400 |    136 |   6957 |  10 |  913.9 |
        Temple |    254 |    249 |      5 |      0 |    244 |   1 |  254.0 |
          Lair |   3197 |   3100 |     97 |    231 |   2088 |   4 |  799.2 |
         Abyss |     84 |     84 |      0 |      0 |      0 |   1 |   84.0 |
       Ossuary |    424 |    424 |      0 |    185 |     65 |   1 |  424.0 |
        Bailey |   1047 |   1047 |      0 |    250 |    216 |   1 | 1047.0 |
      Gauntlet |    249 |    249 |      0 |      0 |    109 |   1 |  249.0 |
               +--------+--------+--------+--------+--------+-----+--------+

Top non-repeatable levels by time:
     D:2: 1289 daAuts
  Lair:3: 1102 daAuts
  Bailey: 1047 daAuts
     D:1: 1026 daAuts
     D:9: 959 daAuts
     D:7: 952 daAuts
  Lair:1: 951 daAuts
     D:4: 911 daAuts
     D:8: 877 daAuts
     D:6: 872 daAuts
     D:3: 866 daAuts
  Lair:2: 826 daAuts
    D:10: 713 daAuts
     D:5: 669 daAuts
 Ossuary: 424 daAuts
